 Dungeon Crawl Stone Soup version 0.18.1-8-gdd0e5ea (webtiles) character file.

153 matakusis the Sneak (level 5, -4/35 HPs)
             Began as a Vampire Enchanter on June 5, 2016.
             Killed from afar by Sigmund (5 damage)
             ... with a wand of flame
             ... on level 3 of the Dungeon.
             The game lasted 00:13:05 (3191 turns).

matakusis the Sneak (Vampire Enchanter)             Turns: 3191, Time: 00:13:05

Health: -4/35      AC:  3    Str:  7      XL:     5   Next: 12%
Magic:  1/8        EV: 12    Int: 18      God:
Gold:   128        SH:  5    Dex: 13 (15) Spells: 3 memorised, 2 levels left

rFire  + . .     SeeInvis +     a - +1 dagger
rCold  + . .     Gourm    .     b - +1 robe
rNeg   + + +     Faith    .     h - +1 buckler
rPois  +         Spirit   .     (no helmet)
rElec  .         Dismiss  .     (no cloak)
rCorr  .         Reflect  .     (no gloves)
SustAt .         Harm     .     (no boots)
MR     .....                    (no amulet)
Stlth  ++++......               (no ring)
                                i - ring of fire

@: regenerating slowly, not resistant to hostile enchantments, stealthy
A: fangs 3, see invisible, unbreathing
a: Bat Form


You were on level 3 of the Dungeon.
You were near bloodless.

You visited 1 branch of the dungeon, and saw 3 of its levels.

You collected 128 gold pieces.

Inventory:

Hand Weapons
 a - a +1 dagger (weapon)
Armour
 b - a +1 robe (worn)
 h - a +1 buckler (worn)
Jewellery
 i - a ring of fire (left hand)
Scrolls
 e - 2 scrolls of teleportation
 k - 2 scrolls of identify
 l - a scroll of magic mapping
Potions
 d - 12 potions of blood
 g - a potion of haste {unknown}
Books
 c - a book of Maledictions

   Spells                             Type                      Level
   a - Corona                         Hexes                        1
   b - Ensorcelled Hibernation        Hexes/Ice                    2
   c - Confuse                        Hexes                        3
   d - Tukima's Dance                 Hexes                        3
   e - Dazzling Spray                 Conjuration/Hexes            3


   Skills:
 - Level 1.3 Short Blades
 - Level 2.4 Dodging
 * Level 6.3 Stealth
 * Level 1.2 Shields
 + Level 2.6 Spellcasting
 + Level 6.0 Hexes


You had 2 spell levels left.
You knew the following spells:

 Your Spells              Type           Power        Failure   Level  Hunger
a - Corona                Hex            ###....      1%          1    #......
b - Tukima's Dance        Hex            ###.....     8%          3    ###....
c - Confuse               Hex            ###.....     8%          3    ###....


Dungeon Overview and Level Annotations

Branches:
Dungeon (3/15)

Altars:

Annotations:
D:3 Sigmund


Innate Abilities, Weirdness & Mutations

You heal slowly.
You have razor-sharp teeth.
You have supernaturally acute eyesight.
You can survive without breathing.


Message History

Aim: Sigmund, wielding a scythe, wearing a robe and carrying a wand of flame {zapped: 3} (slightly transparent, chance to defeat MR: 62%) Sigmund appears confused.
Sigmund zaps a wand.
Casting: Confuse
Confirm with . or Enter, or press ? or * to list all spells.
Aiming: Tukima's Dance
Press: ? - help, Shift-Dir - straight line, f/p - Sigmund
Aim: Sigmund, wielding a scythe, wearing a robe and carrying a wand of flame {zapped: 4} (confused, chance to defeat MR: 72%)
The scythe dances into the air!
Sigmund zaps a wand.
Your scythe hits something! Your scythe hits Sigmund.
Sigmund drinks a potion.
Sigmund is healed!
Sigmund seems less confused.
You barely miss Sigmund.
Sigmund is severely wounded.
Sigmund gestures at you while chanting. The magic dart hits you!
* * * LOW HITPOINT WARNING * * *
You barely miss Sigmund.
Sigmund is severely wounded.
Sigmund zaps a wand.
The puff of flame hits you! You resist.
You die...

#..# #.)# #..#
########..#
#.........#
#.#######.#
#########.# #.#
.........@# #.#
########(@#######.#
#..........# #
##.#########
...#### #.#
....%..######.#
#....@...#
##########


You could see Sigmund and a friendly scythe.

Vanquished Creatures
  Natasha (twice) (D:3)
  An orc wizard (D:3)
  A gnoll (D:1)
  2 adders (D:2)
  A worm (D:2)
  A dart slug (D:1)
  3 orcs (D:3)
  2 ball pythons (D:3)
  4 giant cockroaches (D:1)
  5 hobgoblins
  4 jackals (D:1)
  8 bats
  3 giant newts
  5 goblins
  5 kobolds
  8 rats
55 creatures vanquished.

Vanquished Creatures (others)
  A dancing weapon (D:3)
1 creature vanquished.

Grand Total: 56 creatures vanquished

Notes
Turn   | Place    | Note
--------------------------------------------------------------
     0 | D:1      | matakusis the Vampire Enchanter began the quest for the Orb.
     0 | D:1      | Reached XP level 1. HP: 13/13 MP: 3/3
   150 | D:1      | Reached skill level 5 in Stealth
   195 | D:1      | Reached XP level 2. HP: 17/19 MP: 1/5
   648 | D:1      | Reached skill level 5 in Hexes
   648 | D:1      | Reached XP level 3. HP: 4/24 MP: 2/6
   913 | D:1      | Learned a level 3 spell: Tukima's Dance
  2127 | D:2      | Reached XP level 4. HP: 9/30 MP: 5/7
  2132 | D:2      | Learned a level 3 spell: Confuse
  2595 | D:3      | Noticed Natasha
  2615 | D:3      | Killed Natasha
  2663 | D:3      | Noticed Natasha
  2671 | D:3      | Killed Natasha
  2671 | D:3      | Reached skill level 1 in Shields
  2810 | D:3      | Reached XP level 5. HP: 23/35 MP: 2/8
  3110 | D:3      | Noticed Sigmund
  3190 | D:3      | HP: 1/35 [Sigmund/magic dart (5)]
  3191 | D:3      | Killed from afar by Sigmund

Skill      XL: |  1  2  3  4 |
---------------+-------------+-----
Stealth        | 5 6 |  6.3
Hexes          | 5 6 |  6.0
Shields        | 1 |  1.2
Short Blades   | |  1.3
Dodging        | |  2.4
Spellcasting   | |  2.6

Action                   |  1- 3 |  4- 6 || total
-------------------------+-------+-------++-------
Melee: Dagger            |   176 |    49 ||   225
       Bite              |    17 |     5 ||    22
 Cast: Corona            |    37 |     3 ||    40
       Confuse           |       |    11 ||    11
       Tukima's Dance    |       |     3 ||     3
  Use: Potion            |    10 |       ||    10
       Scroll            |       |     5 ||     5
 Stab: Sleeping          |     8 |     4 ||    12
       Confused          |       |     2 ||     2
Armor: Robe              |    35 |    17 ||    52
Dodge: Dodged            |   138 |    21 ||   159
Block: Buckler           |     7 |     5 ||    12
